 Dungeon Sprint DCSS version 0.28-a0-384-g9e0c098162 (webtiles) character file.

Game seed: 4872084095705729192

80293 MikeHunt the Executioner (level 14, -4/226 HPs)
             Began as a Minotaur Berserker on Sept 2, 2021.
             Was the Champion of Trog.
             Succumbed to poison (poison gas)
             ... in the Dungeon (Sprint III: "The Ten Rune Challenge").
             The game lasted 00:23:11 (8358 turns).

MikeHunt the Executioner (Minotaur Berserker)       Turns: 8358, Time: 00:23:12

Health: -4/226     AC: 29    Str: 27    XL:     14   Next: 82%
Magic:  13/13      EV: 18    Int:  6    God:    Trog [******]
Gold:   120        SH:  0    Dex: 17    Spells: 13/13 levels left

rFire   + . .      SeeInvis +   B - +6 battleaxe (vorpal) {god gift}
rCold   . . .      Faith    .   (shield currently unavailable)
rNeg    . . .      Spirit   .   k - +1 plate armour of Teepaokhu {rF+ rCorr Str+4}
rPois   .          Reflect  .   u - +3 crown of Dyrovepreva {rElec Int+2 SInv}
rElec   +          Harm     .   i - +1 cloak
rCorr   +          Rampage  .   t - +0 pair of gloves {Dex+3}
Will    +++..      NoTele   +   v - +0 pair of boots
Stlth   ..........              (no amulet)
HPRegen 1.47/turn               (no ring)
MPRegen 0.13/turn               (no ring)

@: berserking (expiring), lethally poisoned (-4 -> -45), strong-willed,
regenerating, very quick
A: horns 2, retaliatory headbutt
}: 1/10 runes: barnacled
a: Renounce Religion, Berserk, Trog's Hand, Brothers in Arms


You were in the Dungeon.
You worshipped Trog.
Trog was exalted by your worship.
You visited 1 branch You collected 2018 gold pieces.
You spent 1898 gold pieces at shops.

Inventory:

Hand Weapons
 a - a +0 hand axe
 p - a +6 battleaxe of flaming {god gift}
 q - a +4 antimagic executioner's axe {god gift}
 x - the +9 broad axe of Wihogas {freeze, rPois Int+2 Dex+4}
   (You found it in the Dungeon)

   It freezes those it strikes, dealing additional cold damage.
   It can also slow down cold-blooded creatures.
   Int:       It affects your intelligence (+2).
   Dex:       It affects your dexterity (+4).
   rPois:     It protects you from poison.
 z - the +7 executioner's axe of Inquiry {god gift, vorpal, rCorr}
   (Trog gifted it to you in the Dungeon)

   It inflicts extra damage upon your enemies.
   rCorr:     It protects you from acid and corrosion.
 B - a +6 vorpal battleaxe (weapon) {god gift}
 C - a +4 antimagic broad axe {god gift}
Missiles
 d - 6 curare-tipped darts (quivered)
 y - 4 javelins
 D - 12 silver javelins
Armour
 b - a +0 animal skin
 i - a +1 cloak (worn)
 k - the +1 plate armour of Teepaokhu (worn) {rF+ rCorr Str+4}
   (You bought it in a shop in the Dungeon)

   Str:       It affects your strength (+4).
   rF:        It protects you from fire.
   rCorr:     It protects you from acid and corrosion.
 r - a +0 ring mail
 t - a +0 pair of gloves of dexterity (worn)
 u - the +3 crown of Dyrovepreva (worn) {rElec Int+2 SInv}
   (You bought it in a shop in the Dungeon)

   Int:       It affects your intelligence (+2).
   rElec:     It insulates you from electricity.
   SInv:      It lets you see invisible.
 v - a +0 pair of boots (worn)
 w - a +0 plate armour
Wands
 c - a wand of charming (13)
Scrolls
 j - a scroll of immolation
 n - a scroll of torment
Potions
 e - a potion of haste
 f - 2 potions of magic
 g - a potion of berserk rage
 l - 3 potions of might
 m - 5 potions of mutation
 o - a potion of degeneration
Miscellaneous
 s - a phantom mirror


   Skills:
 - Level 21.3 Fighting
 + Level 21.8 Axes
 - Level 18.2 Throwing
 - Level 19.5 Armour
 - Level 19.8 Dodging
 - Level 9.8 Evocations


You had 13 spell levels left.
You didn't know any spells.
Your spell library was empty.

Dungeon Overview and Level Annotations

Branches:
Dungeon (1/1)

Altars:
Cheibriados
Dithmenos
Elyvilon
Fedhas
Gozag
Hepliaklqana
Kikubaaqudgha
Makhleb
Nemelex Xobeh
Okawaru
Qazlal
Ru
Sif Muna
Trog
Uskayaw
Vehumet
Wu Jian
Xom
Yredelemnul
Zin
The Shining One
Beogh
Jiyva
Lugonu

Shops:
D [[?:[![[!*![:=?(([[?

Annotations:
D Chuck


Innate Abilities, Weirdness & Mutations

You have a pair of horns on your head.
You reflexively headbutt those who attack you in melee.


Message History

The green draconian knight hits you but does no damage.
The green draconian knight tail-slaps you but does no damage.
You slice the green draconian knight like a ripe choko!!!
The green draconian knight is almost dead.
You are engulfed in poison gas.
You are more poisoned.
* * * LOW HITPOINT WARNING * * *
You feel very sick.
You closely miss the green draconian knight.
You headbutt the green draconian knight, but do no damage.
The green draconian knight is almost dead.
You are engulfed in poison gas.
You are lethally poisoned!
* * * LOW HITPOINT WARNING * * *
x2 You feel extremely sick.
The green draconian knight completely misses you.
You furiously retaliate!
You headbutt the green draconian knight!
The green draconian knight completely misses you.
You open the green draconian knight like a pillowcase!!!
You kill the green draconian knight!
Trog accepts your kill.
Trog appreciates your killing of a magic user.
Trog grants you a weapon! Something appears at your feet!
You see here the +10 dire flail "Kaeziank" {god gift, vorpal, rCorr}.
You are engulfed in poison gas.
You are more poisoned.
* * * LOW HITPOINT WARNING * * *
x2 You feel extremely sick.
Unknown command.
Unknown command.
* * * LOW HITPOINT WARNING * * *
You feel extremely sick.
Items here: )) [[[ †.
Unknown command.
Unknown command.
There is a lethal amount of poison in your body!
You feel a strong urge to attack something.
You die...

#.# +∩∩#.≈≈.#^^##. ##.##
#∩∩#.≈≈.######
###...###..#..≈.#..+≈⌠
+...:...'..'..≈≈'..#≈≈
###°°.###..#≈≈≈.#..#.≈
##.##∩#..#....#..#..
########.#..#..####'######
#...○..#'#'##..#.#.#)#.#.#
#....°§#)@..'..+#.#)#.#.#.
#....°○#)####..#.#.#.#.#.#
#....°○○☼# #######▓▓▓▓▓▓▓
#....○○### #.###.. #^#..
###.. ... ####


There were no monsters in sight!

Vanquished Creatures
  Mara (D)
  Nikola (D)
  Rupert (D)
  Polyphemus (D)
  Dowan (D)
  Roxanne (D)
  Ilsuiw (D)
  A draconian knight (D)
  2 vampire knights (D)
  An entropy weaver (shapeshifter) (D)
  2 dire elephants (D)
  A mummy priest (D)
  A yaktaur captain (D)
  A fire dragon (D)
  A vault guard (D)
  2 hydras (D)
  Erolcha (D)
  A centaur warrior (D)
  3 anacondas (D)
  4 dancing weapons (D)
  4 death yaks (D)
  3 orc high priests (D)
  Urug (D)
  3 deep elf knights (D)
  2 skeletal warriors (D)
  A death drake (D)
  A shadow wraith (D)
  An obsidian statue (D)
  A spriggan druid (D)
  A sea snake (D)
  A lindwurm (D)
  2 deep elf pyromancers (D)
  3 deep elf zephyrmancers (D)
  4 crystal guardians (D)
  2 ugly things (D)
  2 oklob plants (D)
  An orc sorcerer (D)
  2 elephants (D)
  10 black mambas (D)
  An iron troll simulacrum (D)
  4 statues (D)
  2 cane toads (D)
  A molten gargoyle (D)
  Duvessa (D)
  A rime drake (D)
  A komodo dragon (D)
  A queen bee (D)
  2 tyrant leeches (D)
  4 spriggan defenders (D)
  3 hornets (D)
  3 dream sheep (D)
  8 blink frogs (D)
  6 slime creatures (D)
  5 redbacks (D)
  A shadow (D)
  2 spriggans (D)
  2 nagas (D)
  A spatial vortex (D)
  3 water moccasins (D)
  3 wandering mushrooms (D)
  A swamp drake (D)
  A necrophage (D)
  5 two-headed ogres (D)
  A scorpion (D)
  A water elemental (D)
  32 killer bees (D)
  4 electric eels (D)
  A jelly (D)
  4 orc priests (D)
  Jessica (D)
  A necromancer (D)
  A wizard (D)
  An orc wizard (D)
  3 humans (D)
  A kobold demonologist (D)
  5 adders (D)
  11 orcs (D)
  An endoplasm (D)
  3 rats (D)
  A plant (D)
207 creatures vanquished.

Vanquished Creatures (collateral kills)
  Gastronok (D)
  A merfolk javelineer (D)
2 creatures vanquished.

Vanquished Creatures (others)
  A storm dragon (D)
  A deep elf knight (D)
  A slime creature (D)
  An electric eel (D)
  An orc (D)
  4 ball lightnings (D)
  4 ballistomycete spores (D)
  A bush (D)
  26 plants (D)
40 creatures vanquished.

Grand Total: 249 creatures vanquished

Notes
Turn   | Place    | Note
-------+----------+-------------------------------------------
     0 | D        | MikeHunt the Minotaur Berserker began the quest for the
                  | Orb.
     0 | D        | Reached XP level 1. HP: 19/19 MP: 0/0
    11 | D        | Noticed Jessica
    21 | D        | Reached ** piety under Trog
    22 | D        | Killed Jessica
    23 | D        | Reached skill level 5 in Fighting
    23 | D        | Reached XP level 2. HP: 28/29 MP: 1/1
   108 | D        | Noticed a scorpion
   117 | D        | Killed a scorpion
   118 | D        | Reached skill level 5 in Dodging
   118 | D        | Reached XP level 3. HP: 29/37 MP: 2/2
   118 | D        | Reached XP level 4. HP: 35/44 MP: 3/3
   412 | D        | Noticed a water elemental
   421 | D        | Killed a water elemental
   421 | D        | Reached *** piety under Trog
   422 | D        | Reached XP level 5. HP: 52/52 MP: 4/4
   532 | D        | Found a basalt altar of Yredelemnul.
   532 | D        | Found a shadowy altar of Dithmenos.
   532 | D        | Found a sacrificial altar of Ru.
   532 | D        | Noticed a necrophage
   537 | D        | Reached skill level 10 in Axes
   539 | D        | Killed a necrophage
   540 | D        | Reached XP level 6. HP: 62/62 MP: 5/5
   584 | D        | Found a glowing silver altar of Zin.
   584 | D        | Found a glowing golden altar of the Shining One.
   584 | D        | Found a white marble altar of Elyvilon.
   584 | D        | Noticed a deep elf pyromancer
   590 | D        | Noticed a fire elemental
   595 | D        | Killed a deep elf pyromancer
   595 | D        | Reached **** piety under Trog
   596 | D        | Reached skill level 10 in Fighting
   596 | D        | Reached XP level 7. HP: 40/72 MP: 6/6
   790 | D        | Found a hide-covered altar of Uskayaw.
   790 | D        | Found an iron altar of Okawaru.
   790 | D        | Found a bloodstained altar of Trog.
   790 | D        | Found an ornate altar of the Wu Jian Council.
   790 | D        | Noticed a human
   790 | D        | Noticed a human
   794 | D        | Killed a human
   798 | D        | Killed a human
   879 | D        | Found a radiant altar of Vehumet.
   879 | D        | Found a shimmering blue altar of Sif Muna.
   879 | D        | Found an ancient bone altar of Kikubaaqudgha.
   884 | D        | Reached ***** piety under Trog
   887 | D        | Reached XP level 8. HP: 82/82 MP: 7/7
   982 | D        | Reached skill level 10 in Dodging
  1033 | D        | Found a blossoming altar of Fedhas.
  1033 | D        | Found a stormy altar of Qazlal.
  1033 | D        | Found a snail-covered altar of Cheibriados.
  1033 | D        | Found a burning altar of Makhleb.
  1033 | D        | Found a shimmering altar of Xom.
  1038 | D        | Found a hazy altar of Hepliaklqana.
  1038 | D        | Found an opulent altar of Gozag.
  1038 | D        | Found a sparkling altar of Nemelex Xobeh.
  1038 | D        | Found a corrupted altar of Lugonu.
  1038 | D        | Found a viscous altar of Jiyva.
  1138 | D        | Reached skill level 5 in Armour
  1188 | D        | Noticed a two-headed ogre
  1197 | D        | Killed a two-headed ogre
  1305 | D        | Found Talohur's Antique Armour Shop.
  1305 | D        | Noticed an orc sorcerer
  1305 | D        | Noticed an orc high priest
  1386 | D        | Reached ****** piety under Trog
  1401 | D        | Noticed a rust devil
  1408 | D        | Noticed a red devil
  1408 | D        | Noticed a smoke demon
  1418 | D        | HP: 4/82 [orc priest/divine providence (17)]
  1425 | D        | Killed an orc high priest
  1426 | D        | Reached XP level 9. HP: 24/93 MP: 8/8
  1429 | D        | Received a gift from Trog
  1687 | D        | Killed an orc sorcerer
  1718 | D        | Received a gift from Trog
  1742 | D        | Bought a pair of runed gloves for 142 gold pieces
  1742 | D        | Bought the +3 crown of Dyrovepreva {rElec Int+2 SInv} for
                  | 786 gold pieces
  1742 | D        | Found the +3 crown of Dyrovepreva {rElec Int+2 SInv}
  1742 | D        | Bought a pair of boots for 85 gold pieces
  1742 | D        | Bought a plate armour for 437 gold pieces
  1789 | D        | Noticed a two-headed ogre
  1789 | D        | Noticed Erolcha
  1793 | D        | Killed a two-headed ogre
  1796 | D        | Killed Erolcha
  1797 | D        | Reached skill level 15 in Axes
  1797 | D        | Reached skill level 10 in Armour
  1800 | D        | Received a gift from Trog
  1801 | D        | Reached XP level 10. HP: 71/104 MP: 9/9
  2234 | D        | Noticed a cane toad
  2234 | D        | Noticed a cane toad
  2238 | D        | Killed a cane toad
  2243 | D        | Killed a cane toad
  2243 | D        | Received a gift from Trog
  2244 | D        | Reached skill level 15 in Fighting
  2810 | D        | Noticed a lindwurm
  2814 | D        | Killed a lindwurm
  2816 | D        | Received a gift from Trog
  2985 | D        | Noticed Urug
  2990 | D        | Killed Urug
  3107 | D        | Noticed a four-headed hydra
  3107 | D        | Noticed a four-headed hydra
  3114 | D        | Killed a one-headed hydra
  3117 | D        | Killed a one-headed hydra
  3118 | D        | Reached XP level 11. HP: 111/114 MP: 10/10
  3148 | D        | Reached skill level 15 in Dodging
  3161 | D        | Received a gift from Trog
  3299 | D        | Noticed a dire elephant
  3299 | D        | Noticed a dire elephant
  3300 | D        | Noticed Gastronok
  3306 | D        | Killed a dire elephant
  3318 | D        | Killed a dire elephant
  3318 | D        | Received a gift from Trog
  3321 | D        | Killed Gastronok
  3322 | D        | Reached skill level 15 in Armour
  3434 | D        | Noticed Rupert
  3443 | D        | Killed Rupert
  3444 | D        | Reached XP level 12. HP: 127/127 MP: 11/11
  3547 | D        | Noticed a death yak
  3547 | D        | Noticed a death yak
  3550 | D        | Noticed a death yak
  3554 | D        | Killed a death yak
  3560 | D        | Killed a death yak
  3560 | D        | Noticed a death yak
  3567 | D        | Killed a death yak
  3574 | D        | Killed a death yak
  3574 | D        | Received a gift from Trog
  3575 | D        | Reached skill level 5 in Evocations
  3682 | D        | Noticed an azure jelly
  3682 | D        | Noticed an azure jelly
  3846 | D        | Noticed an anaconda
  3853 | D        | Killed an anaconda
  3854 | D        | Received a gift from Trog
  3871 | D        | Noticed an anaconda
  3871 | D        | Noticed an anaconda
  3878 | D        | Killed an anaconda
  3882 | D        | Killed an anaconda
  3883 | D        | Received a gift from Trog
  4029 | D        | Received a gift from Trog
  4774 | D        | Noticed Polyphemus
  4784 | D        | Received a gift from Trog
  4795 | D        | Killed Polyphemus
  4796 | D        | Reached XP level 13. HP: 103/139 MP: 12/12
  4944 | D        | Noticed Ilsuiw
  4993 | D        | Killed Ilsuiw
  5017 | D        | Found Ziwin's Magic Scroll Emporium.
  5193 | D        | Found Nuxeluwn's Book Shop.
  5201 | D        | Found Nuxev's Antique Armour Shoppe.
  5202 | D        | Noticed a merfolk javelineer
  5216 | D        | Killed a merfolk javelineer
  5448 | D        | Got a barnacled rune of Zot
  5495 | D        | Found a blossoming altar of Fedhas.
  5502 | D        | Received a gift from Trog
  5508 | D        | Reached skill level 1 in Throwing
  5563 | D        | Noticed Dowan
  5563 | D        | Noticed Duvessa
  5574 | D        | Killed Duvessa
  5592 | D        | Killed Dowan
  5770 | D        | Received a gift from Trog
  5783 | D        | Received a gift from Trog
  5799 | D        | Received a gift from Trog
  5811 | D        | Received a gift from Trog
  6101 | D        | Noticed a deep elf annihilator
  6103 | D        | Noticed a deep elf annihilator
  6104 | D        | Received a gift from Trog
  6112 | D        | Received a gift from Trog
  6313 | D        | Found Ecloytz's Magic Scroll Emporium.
  6313 | D        | Found Hanil's Antique Weapon Shop.
  6313 | D        | Found Keets's Magic Scroll Shoppe.
  6313 | D        | Found Utsuaqoi's Jewellery Boutique.
  6313 | D        | Found Xoistru's Antique Armour Shop.
  6313 | D        | Found Gysiloor's Antique Armour Emporium.
  6313 | D        | Found Fiuxt's Antique Weapon Boutique.
  6314 | D        | Found Tiufro's Book Boutique.
  6314 | D        | Found Yblecreq's Antique Armour Shoppe.
  6314 | D        | Found Tuuk's Distillery.
  6314 | D        | Found Ralohah's General Store.
  6354 | D        | Bought a glimmering plate armour for 448 gold pieces
  6354 | D        | Identified the +1 plate armour of Teepaokhu {rF+ rCorr
                  | Str+4} (You bought it in a shop in the Dungeon)
  6379 | D        | Reached skill level 5 in Throwing
  6604 | D        | Noticed a fire dragon
  6608 | D        | Killed a fire dragon
  6608 | D        | Received a gift from Trog
  6644 | D        | Identified the +9 broad axe of Wihogas {freeze, rPois Int+2
                  | Dex+4}
  7057 | D        | Noticed an entropy weaver
  7057 | D        | a two-headed ogre changed into an entropy weaver
  7061 | D        | Killed an entropy weaver
  7061 | D        | Received a gift from Trog
  7062 | D        | Reached skill level 10 in Throwing
  7062 | D        | Reached XP level 14. HP: 132/151 MP: 13/13
  7114 | D        | Noticed Chuck
  7208 | D        | Noticed Mara
  7220 | D        | Killed Mara
  7230 | D        | Received a gift from Trog
  7353 | D        | Noticed a vampire knight
  7354 | D        | Noticed a vampire knight
  7369 | D        | Killed a vampire knight
  7372 | D        | Killed a vampire knight
  7373 | D        | Reached skill level 15 in Throwing
  7530 | D        | Noticed Nikola
  7530 | D        | Noticed a storm dragon
  7565 | D        | Received a gift from Trog
  7583 | D        | Killed a storm dragon
  7593 | D        | Killed Nikola
  7739 | D        | Identified the +7 executioner's axe of Inquiry {god gift,
                  | vorpal, rCorr} (Trog gifted it to you in the Dungeon)
  7739 | D        | Received a gift from Trog
  7796 | D        | Received a gift from Trog
  8047 | D        | Found Enewk's Armour Shop.
  8048 | D        | Found Riunem's Distillery.
  8048 | D        | Found Weti's Armour Shop.
  8048 | D        | Found Idieteoh's Distillery.
  8060 | D        | Noticed Roxanne
  8074 | D        | Killed Roxanne
  8115 | D        | Found Kumn's Armour Boutique.
  8319 | D        | Noticed a green draconian knight
  8324 | D        | Received a gift from Trog
  8356 | D        | Killed a green draconian knight
  8356 | D        | Identified the +10 dire flail "Kaeziank" {god gift, vorpal,
                  | rCorr} (Trog gifted it to you in the Dungeon)
  8356 | D        | Received a gift from Trog
  8357 | D        | HP: 4/226 [poison (poison gas)]
  8358 | D        | Succumbed to poison (poison gas)

Illustrated notes

Levels and vault maps discovered:
D:        dungeon_sprint_mu [sprint_mu_entry_forest, sprint_mu_temple_rooms,
          sprint_mu_d1_spiders, sprint_mu_d2_genie, sprint_mu_d3_branching,
          sprint_mu_orc_legion, sprint_mu_elf_gauntlet, sprint_mu_hive_nellie,
          sprint_mu_lair_fedhas, sprint_mu_vaults_butterflies,
          sprint_mu_slime_circle, sprint_mu_shoals_archi,
          sprint_mu_snake_twists, sprint_mu_blade_basic, sprint_mu_crypt_lich,
          sprint_mu_tomb_spiral, sprint_mu_vestibule_basic,
          sprint_mu_gehenna_hellfire, sprint_mu_dis_giant,
          sprint_mu_tartarus_statrot, sprint_mu_cocytus_islands, sprint_mu_zot1]

Skill      XL: |  1  2  3  4  5  6  7  8  9 10 11 12 13 14 |
---------------+-------------------------------------------+-----
Axes           | 6 8 9 11 13 14 15 17 18 20 21 | 21.8
Fighting       | 5 6 7 8 10 11 13 14 16 18 19 21 | 21.3
Dodging        | 3 5 6 7 9 12 13 14 16 18 19 | 19.8
Armour         | 8 10 13 15 17 19 | 19.5
Evocations     | 3 8 9 |  9.8
Throwing       | 10 18 | 18.2

Action                   |  1- 3 |  4- 6 |  7- 9 | 10-12 | 13-15 || total
-------------------------+-------+-------+-------+-------+-------++-------
Melee: Hand axe          |    19 |    27 |    56 |       |       ||   102
       Headbutt          |     1 |     4 |    11 |    53 |    98 ||   167
       Battleaxe         |       |       |    19 |   199 |   341 ||   559
       Broad axe         |       |       |       |     8 |     5 ||    13
Throw: Javelin           |       |       |       |       |     8 ||     8
       Dart              |       |       |       |       |     2 ||     2
Invok: Berserk           |     2 |     4 |     8 |     8 |     6 ||    28
       Trog's Hand       |       |       |     1 |     2 |     7 ||    10
       Brothers in Arms  |       |       |       |     1 |     2 ||     3
Evoke: Wand              |       |       |       |       |     3 ||     3
  Use: Scroll            |       |     2 |       |       |     2 ||     4
       Potion            |       |       |     2 |     1 |     2 ||     5
 Stab: Distracted        |       |       |       |       |     1 ||     1
Armor: Animal skin       |     3 |       |     1 |       |       ||     4
       Plate armour      |       |       |     3 |    80 |   152 ||   235
Dodge: Dodged            |    10 |     8 |    32 |   113 |   216 ||   379

Table legend: (Time is in decaauts)
 A = Elapsed time spent in this place.
 B = Non-inter-level travel time spent in this place.
 C = Inter-level travel time spent in this place.
 D = Time resting spent in this place.
 E = Time spent auto-exploring this place.
 F = Levels seen in this place.
 G = Mean time per level.
                   A        B        C        D        E       F      G
               +--------+--------+--------+--------+--------+-----+--------+
         Total |   8519 |   8180 |    339 |   6159 |      0 |   1 | 8519.0 |
       Dungeon |   8519 |   8180 |    339 |   6159 |      0 |   1 | 8519.0 |
               +--------+--------+--------+--------+--------+-----+--------+

Top non-repeatable levels by time:
       D: 8519 daAuts
